Bruins vs Sabres

Created - 15 octobre 2017 at 19:45

Goals
1 2 3 T
Bruins 2 2 1 5
Sabres 1 1 0 2
Shots
1 2 3 T
Bruins 11 16 9 36
Sabres 17 8 8 33

1st period

1. Bruins , Patrice Bergeron 1 (Corey Perry 3, Andrew Ladd 1) at 4:07 (PP)
2. Bruins , Patrice Bergeron 2 (Mark Streit 2, Brendan Gallagher 1) at 10:24
3. Sabres , Anders Lee 2 (Nino Niederreiter 3, Adam Pelech 1) at 17:46

Penalties :
Brandon Saad (BUF) for Hooking (Minor) at 3:19

2nd period

4. Bruins , Leon Draisaitl 5 (Brendan Gallagher 2, Shea Weber 4) at 5:14 (PP)
5. Sabres , Jason Zucker 1 (Zach Hyman 2) at 10:26
6. Bruins , Brendan Gallagher 3 (Patrice Bergeron 5, Shea Weber 5) at 11:19

Penalties :
Brandon Saad (BUF) for Hooking (Minor) at 3:46, Michael Hutchinson (BUF) for Slashing (Minor) at 17:22 - Rasmus Ristolainen served the penalty.

3rd period

7. Bruins , P.K. Subban 1 (Shea Weber 6, Corey Perry 4) at 8:35 (PP)

Penalties :
Cody Franson (BUF) for Hooking (Minor) at 2:56, Dan Girardi (BUF) for Cross-checking (Minor) at 7:27, Jake Muzzin (BOS) for Roughing (Minor) at 15:15

Goalie Stats

Charlie Lindgren (BOS), 31 saves from 33 shots - (0.939), W, 1-0-0, 60:00 minutes
Michael Hutchinson (BUF), 31 saves from 36 shots - (0.861), L, 0-1-0, 60:00 minutes

Players Stats for Bruins

Player Name              G  A  P  +/- PIM S  H  SB GA TA FO     MP     PP MP  PK MP  
------------------------------------------------------------------------------------
Andrew Ladd              0  1  1  -2  0   3  1  0  0  0  0/0    19:32   3:27   0:00 
Brendan Gallagher        1  2  3   2  0   4  0  0  0  0  0/0    16:19   3:55   0:00 
Carl Soderberg           0  0  0   0  0   1  0  1  0  0  3/7     9:30   0:00   0:40 
Connor Brown             0  0  0   0  0   2  1  0  0  0  0/0    13:20   0:00   0:00 
Corey Perry              0  2  2  -2  0   3  1  0  0  0  0/1    19:42   3:27   0:10 
Jake Guentzel            0  0  0   0  0   1  1  0  0  0  0/0    14:04   0:00   0:44 
Jake Muzzin              0  0  0  -1  2   0  1  0  0  0  0/0    19:37   3:12   0:00 
Kevin Fiala              0  0  0   0  0   0  2  0  0  0  1/2     8:50   0:00   0:00 
Leon Draisaitl           1  0  1  -2  0   3  1  0  0  0  9/23   21:05   3:55   1:05 
Mark Streit              0  1  1   0  0   0  1  0  0  0  0/0    14:48   0:00   0:28 
Melker Karlsson          0  0  0   0  0   2  0  0  0  0  1/3     8:50   0:00   0:00 
Noah Hanifin             0  0  0   0  0   0  0  1  0  0  0/0    14:29   0:00   0:09 
P.K. Subban              1  0  1   1  0   2  4  2  0  0  0/0    25:25   4:10   1:22 
Patrice Bergeron         2  1  3   2  0   8  0  0  0  0  18/26  17:00   3:27   1:09 
Ryan Spooner             0  0  0   2  0   1  0  0  0  0  0/3    16:19   3:55   0:00 
Shea Weber               0  3  3   1  0   3  3  0  0  0  0/0    25:25   4:10   1:22 
Tomas Plekanec           0  0  0   0  0   3  0  0  0  0  8/13   13:30   0:00   0:10 
Torey Krug               0  0  0  -1  0   0  0  1  0  0  0/0    20:15   3:12   0:37 

Players Stats for Sabres

Player Name              G  A  P  +/- PIM S  H  SB GA TA FO     MP     PP MP  PK MP  
------------------------------------------------------------------------------------
Adam Pelech              0  1  1   1  0   3  3  0  0  0  0/0     8:22   0:58   0:54 
Anders Lee               1  0  1   0  0   3  0  0  0  0  0/0    16:32   0:19   2:11 
Bo Horvat                0  0  0   0  0   1  1  0  0  0  9/15   21:24   1:16   4:37 
Brandon Saad             0  0  0   0  4   6  2  1  0  0  0/1    16:45   1:16   0:00 
Brett Connolly           0  0  0   0  0   0  2  0  0  0  0/0     6:59   0:24   0:34 
Cody Franson             0  0  0  -1  2   0  3  2  0  0  0/0    14:06   0:42   0:00 
Dan Girardi              0  0  0   0  2   1  2  2  0  0  0/0    19:09   0:34   3:49 
Hunter Shinkaruk         0  0  0   0  0   0  0  0  0  0  5/13    6:25   0:24   0:00 
Jake McCabe              0  0  0  -1  0   1  1  2  0  0  0/0    14:17   0:00   0:52 
Jason Zucker             1  0  1   0  0   4  2  1  0  0  0/0    15:05   0:00   0:00 
Kyle Turris              0  0  0   0  0   2  0  0  0  0  18/32  25:57   0:43   5:11 
Mathew Dumba             0  0  0   0  0   0  1  0  0  0  0/0    19:07   0:19   2:51 
Nino Niederreiter        0  1  1   0  0   5  2  0  0  0  0/1    14:21   0:19   0:00 
Rasmus Ristolainen       0  0  0   1  0   1  3  1  0  0  0/0    25:26   0:42   3:27 
Ryan Nugent-Hopkins      0  0  0   0  0   2  0  2  0  0  5/13   17:16   0:00   2:11 
Thomas Vanek             0  0  0   0  0   2  0  0  0  0  1/1    16:47   1:16   0:00 
Tyler Myers              0  0  0   0  0   1  1  1  0  0  0/0    19:31   0:43   2:51 
Zach Hyman               0  1  1   0  0   1  1  0  0  0  0/2    15:05   0:00   0:00 

3 Stars

1 - Patrice Bergeron (BOS)
2 - Brendan Gallagher (BOS)
3 - Shea Weber (BOS)

Power Play

Bruins - 3 on 5 Attempt(s) - 60.00%
Sabres - 0 on 1 Attempt(s) - 0.00%

Penalty Kill

Bruins - 1 on 1 Attempt(s) - 100.00% - Score 0 goal in Penalty Kill
Sabres - 2 on 5 Attempt(s) - 40.00% - Score 0 goal in Penalty Kill

Team Stat

Bruins - Hits : 16 - Faceoff Wins : 40 - Blocked Shots : 5 - Penalty Minutes : 2
Sabres - Hits : 24 - Faceoff Wins : 38 - Blocked Shots : 12 - Penalty Minutes : 10

Official

Referees : Wes McCauley and Brad Meier
Linesman : Thor Nelson and Bryan Pancich

Game Notes

No Game Note

Finance

Level 1 -- Attendance: 5710 (87.85%) -- Ticket Income 571 000 $
Level 2 -- Attendance: 4927 (98.54%) -- Ticket Income 369 525 $
Level 3 -- Attendance: 3460 (98.86%) -- Ticket Income 173 000 $
Level 4 -- Attendance: 2963 (96.51%) -- Ticket Income 74 075 $
Luxury Box -- Attendance: 778 (77.80%) -- Ticket Income 194 500 $
Game was played at the First Niagara Center.
Total Attendance: 17838 (93.54%)
Total Ticket Income: 1 382 100 $
Other Income: 207 315 $
Total Income: 1 589 415 $

% Time on Ice - Bruins

Lines # - Real PCT - Wanted PCT - Time Play
Normal Forward
1 - 32% - 40% - 16:05
2 - 24% - 30% - 12:24
3 - 26% - 20% - 13:20
4 - 17% - 10% - 8:50
Normal Defense
1 - 35% - 40% - 17:29
2 - 32% - 30% - 16:26
3 - 28% - 20% - 14:20
4 - 5% - 10% - 2:24
PP Forward
1 - 47% - 60% - 3:27
2 - 53% - 40% - 3:55
PP Defense
1 - 57% - 60% - 4:10
2 - 43% - 40% - 3:12
PK Forward
1 - 92% - 60% - 1:49
2 - 8% - 40% - 0:10
PK Defense
1 - 69% - 60% - 1:22
2 - 31% - 40% - 0:37
PK3 Forward
1 - 0% - 60%
2 - 0% - 40%
PK3 Defense
1 - 0% - 60%
2 - 0% - 40%
44 Forward
1 - 0% - 60%
2 - 0% - 40%
44 Defense
1 - 0% - 60%
2 - 0% - 40%
Last Minute Offensive  - 0:00
Last Minute Defensive  - 0:00
Total
Forward - 60:00
Defense - 60:00

% Time on Ice - Sabres

Lines # - Real PCT - Wanted PCT - Time Play
Normal Forward
1 - 28% - 40% - 14:02
2 - 31% - 30% - 15:31
3 - 30% - 20% - 15:05
4 - 12% - 10% - 6:01
Normal Defense
1 - 29% - 40% - 14:47
2 - 31% - 30% - 15:57
3 - 26% - 20% - 13:25
4 - 13% - 10% - 6:30
PP Forward
1 - 36% - 60% - 0:43
2 - 64% - 40% - 1:16
PP Defense
1 - 64% - 60% - 1:16
2 - 36% - 40% - 0:43
PK Forward
1 - 70% - 60% - 5:11
2 - 30% - 40% - 2:11
PK Defense
1 - 61% - 60% - 4:31
2 - 39% - 40% - 2:51
PK3 Forward
1 - 0% - 60%
2 - 0% - 40%
PK3 Defense
1 - 0% - 60%
2 - 0% - 40%
44 Forward
1 - 0% - 60%
2 - 0% - 40%
44 Defense
1 - 0% - 60%
2 - 0% - 40%
Last Minute Offensive  - 0:00
Last Minute Defensive  - 0:00
Total
Forward - 60:00
Defense - 60:00

Play by Play

1st period


0:01 of 1st period - Leon Draisaitl wins face-off versus Kyle Turris in neutral zone.
0:10 of 1st period - Shot by Nino Niederreiter.
0:10 of 1st period - Shot Misses the Net.
0:16 of 1st period - Shot by Kyle Turris.
0:16 of 1st period - Shot Blocked by P.K. Subban.
0:23 of 1st period - Anders Lee is hit by P.K. Subban.
0:30 of 1st period - Nino Niederreiter is hit by Shea Weber and loses puck.
0:33 of 1st period - Shot by Kyle Turris.
0:33 of 1st period - Shot Misses the Net.
1:01 of 1st period - Patrice Bergeron is hit by Brandon Saad and loses puck.
1:53 of 1st period - Shot by Ryan Nugent-Hopkins.
1:53 of 1st period - Stopped by Charlie Lindgren without a rebound.
1:54 of 1st period - Hunter Shinkaruk wins face-off versus Carl Soderberg in Bruins zone.
2:08 of 1st period - Icing by Rasmus Ristolainen.
2:09 of 1st period - Hunter Shinkaruk wins face-off versus Tomas Plekanec in Sabres zone.
2:31 of 1st period - Jake Guentzel is hit by Adam Pelech and loses puck.
2:35 of 1st period - Icing by Rasmus Ristolainen.
2:36 of 1st period - Leon Draisaitl wins face-off versus Hunter Shinkaruk in Sabres zone.
3:11 of 1st period - Shot by Corey Perry.
3:11 of 1st period - Deflect By Leon Draisaitl.
3:11 of 1st period - Stopped by Michael Hutchinson without a rebound.
3:12 of 1st period - Bo Horvat wins face-off versus Patrice Bergeron in Sabres zone.
3:19 of 1st period - Minor Penalty to Brandon Saad for Hooking.
3:20 of 1st period - Kyle Turris wins face-off versus Leon Draisaitl in Sabres zone.
3:36 of 1st period - Icing by Leon Draisaitl.
3:37 of 1st period - Kyle Turris wins face-off versus Leon Draisaitl in Bruins zone.
3:47 of 1st period - Off-side.
3:48 of 1st period - Kyle Turris wins face-off versus Patrice Bergeron in neutral zone.
4:05 of 1st period - Shot by Patrice Bergeron.
4:05 of 1st period - Shot Misses the Net.
4:07 of 1st period - Shot by Patrice Bergeron.
4:07 of 1st period - Goal by Patrice Bergeron - Bruins : 1 - Sabres : 0.
4:08 of 1st period - Ryan Nugent-Hopkins wins face-off versus Carl Soderberg in neutral zone.
5:33 of 1st period - Shot by Bo Horvat.
5:33 of 1st period - Shot Blocked by Torey Krug.
6:01 of 1st period - Shot by Corey Perry.
6:01 of 1st period - Stopped by Michael Hutchinson without a rebound.
6:02 of 1st period - Tomas Plekanec wins face-off versus Hunter Shinkaruk in Sabres zone.
6:13 of 1st period - Shot by Jake Guentzel.
6:13 of 1st period - Shot Misses the Net.
6:21 of 1st period - Shot by Connor Brown.
6:21 of 1st period - Shot Misses the Net.
6:34 of 1st period - Icing by Mark Streit.
6:35 of 1st period - Ryan Nugent-Hopkins wins face-off versus Tomas Plekanec in Bruins zone.
7:13 of 1st period - Jason Zucker is hit by Shea Weber and loses puck.
8:24 of 1st period - Shot by Kyle Turris.
8:24 of 1st period - Shot Misses the Net.
8:26 of 1st period - Shot by Tyler Myers.
8:26 of 1st period - Shot Misses the Net.
8:28 of 1st period - Shot by Tyler Myers.
8:28 of 1st period - Stopped by Charlie Lindgren with a rebound.
8:30 of 1st period - Shot by Tyler Myers.
8:30 of 1st period - Shot Hit the Post.
8:32 of 1st period - Shot by Kyle Turris.
8:32 of 1st period - Stopped by Charlie Lindgren without a rebound.
8:33 of 1st period - Tomas Plekanec wins face-off versus Hunter Shinkaruk in Bruins zone.
8:33 of 1st period - Tomas Plekanec is hit by Brett Connolly.
8:43 of 1st period - Shot by Connor Brown.
8:43 of 1st period - Stopped by Michael Hutchinson without a rebound.
8:44 of 1st period - Carl Soderberg wins face-off versus Ryan Nugent-Hopkins in Sabres zone.
8:50 of 1st period - Off-side.
8:51 of 1st period - Leon Draisaitl wins face-off versus Kyle Turris in neutral zone.
8:51 of 1st period - Leon Draisaitl is hit by Nino Niederreiter.
9:15 of 1st period - Shot by Anders Lee.
9:15 of 1st period - Shot Misses the Net.
9:21 of 1st period - Shot by Nino Niederreiter.
9:21 of 1st period - Shot Misses the Net.
9:59 of 1st period - Shot by Brandon Saad.
9:59 of 1st period - Stopped by Charlie Lindgren without a rebound.
10:00 of 1st period - Ryan Nugent-Hopkins wins face-off versus Patrice Bergeron in Bruins zone.
10:14 of 1st period - Shot by Ryan Spooner.
10:14 of 1st period - Stopped by Michael Hutchinson with a rebound.
10:16 of 1st period - Shot by Noah Hanifin.
10:16 of 1st period - Shot Blocked by Jake McCabe.
10:18 of 1st period - Shot by Brendan Gallagher.
10:18 of 1st period - Stopped by Michael Hutchinson with a rebound.
10:20 of 1st period - Shot by Patrice Bergeron.
10:20 of 1st period - Stopped by Michael Hutchinson with a rebound.
10:24 of 1st period - Shot by Patrice Bergeron.
10:24 of 1st period - Goal by Patrice Bergeron - Bruins : 2 - Sabres : 0.
10:25 of 1st period - Tomas Plekanec wins face-off versus Bo Horvat in neutral zone.
10:25 of 1st period - Jake Guentzel is hit by Brandon Saad and loses puck.
10:38 of 1st period - Shot by Brandon Saad.
10:38 of 1st period - Stopped by Charlie Lindgren with a rebound.
10:40 of 1st period - Shot by Brandon Saad.
10:40 of 1st period - Stopped by Charlie Lindgren without a rebound.
10:41 of 1st period - Kyle Turris wins face-off versus Carl Soderberg in Bruins zone.
10:42 of 1st period - Shot by Nino Niederreiter.
10:42 of 1st period - Stopped by Charlie Lindgren without a rebound.
10:43 of 1st period - Kyle Turris wins face-off versus Leon Draisaitl in Bruins zone.
10:50 of 1st period - Shot by Anders Lee.
10:50 of 1st period - Stopped by Charlie Lindgren with a rebound.
11:00 of 1st period - Shot by Nino Niederreiter.
11:00 of 1st period - Stopped by Charlie Lindgren with a rebound.
11:02 of 1st period - Shot by Dan Girardi.
11:02 of 1st period - Stopped by Charlie Lindgren with a rebound.
11:04 of 1st period - Shot by Nino Niederreiter.
11:04 of 1st period - Stopped by Charlie Lindgren without a rebound.
11:05 of 1st period - Bo Horvat wins face-off versus Patrice Bergeron in Bruins zone.
11:12 of 1st period - Shot by Thomas Vanek.
11:12 of 1st period - Stopped by Charlie Lindgren with a rebound.
11:27 of 1st period - Torey Krug is hit by Jake McCabe and loses puck.
12:10 of 1st period - Off-side.
12:11 of 1st period - Kyle Turris wins face-off versus Tomas Plekanec in neutral zone.
12:32 of 1st period - Shot by Jake Guentzel.
12:32 of 1st period - Stopped by Michael Hutchinson without a rebound.
12:33 of 1st period - Ryan Nugent-Hopkins wins face-off versus Leon Draisaitl in Sabres zone.
13:00 of 1st period - Shot by Shea Weber.
13:00 of 1st period - Shot Blocked by Jason Zucker.
13:02 of 1st period - Shot by Shea Weber.
13:02 of 1st period - Shot Blocked by Ryan Nugent-Hopkins.
14:19 of 1st period - Bo Horvat is hit by Jake Guentzel and loses puck.
14:25 of 1st period - Tomas Plekanec is hit by Cody Franson.
14:39 of 1st period - Shot by Tomas Plekanec.
14:39 of 1st period - Stopped by Michael Hutchinson without a rebound.
14:40 of 1st period - Hunter Shinkaruk wins face-off versus Melker Karlsson in Sabres zone.
14:40 of 1st period - Hunter Shinkaruk is hit by Kevin Fiala.
14:50 of 1st period - Shot by P.K. Subban.
14:50 of 1st period - Shot Blocked by Tyler Myers.
15:10 of 1st period - Shea Weber is hit by Brett Connolly and loses puck.
16:54 of 1st period - Icing by Brandon Saad.
16:55 of 1st period - Bo Horvat wins face-off versus Ryan Spooner in Sabres zone.
17:16 of 1st period - Shot by Brandon Saad.
17:16 of 1st period - Stopped by Charlie Lindgren without a rebound.
17:17 of 1st period - Kyle Turris wins face-off versus Leon Draisaitl in Bruins zone.
17:32 of 1st period - Shot by Nino Niederreiter.
17:32 of 1st period - Shot Blocked by Noah Hanifin.
17:46 of 1st period - Shot by Anders Lee.
17:46 of 1st period - Goal by Anders Lee - Bruins : 2 - Sabres : 1.
17:47 of 1st period - Patrice Bergeron wins face-off versus Ryan Nugent-Hopkins in neutral zone.
17:52 of 1st period - Shot by Patrice Bergeron.
17:52 of 1st period - Shot Misses the Net.
17:54 of 1st period - Shot by P.K. Subban.
17:54 of 1st period - Stopped by Michael Hutchinson without a rebound.
17:55 of 1st period - Tomas Plekanec wins face-off versus Bo Horvat in Sabres zone.
18:00 of 1st period - Shot by Connor Brown.
18:00 of 1st period - Shot Misses the Net.
18:19 of 1st period - Shot by Bo Horvat.
18:19 of 1st period - Deflect By Brandon Saad.
18:19 of 1st period - Stopped by Charlie Lindgren with a rebound.
18:52 of 1st period - Icing by Shea Weber.
18:53 of 1st period - Tomas Plekanec wins face-off versus Kyle Turris in Bruins zone.
18:55 of 1st period - Icing by P.K. Subban.
18:56 of 1st period - Kyle Turris wins face-off versus Tomas Plekanec in Bruins zone.
18:56 of 1st period - Nino Niederreiter is hit by P.K. Subban and loses puck.
19:19 of 1st period - Shot by Kyle Turris.
19:19 of 1st period - Stopped by Charlie Lindgren with a rebound.
19:55 of 1st period - Shot by Jason Zucker.
19:55 of 1st period - Shot Misses the Net.
19:57 of 1st period - Shot by Zach Hyman.
19:57 of 1st period - Shot Misses the Net.
19:59 of 1st period - Shot by Jake McCabe.
19:59 of 1st period - Deflect By Jason Zucker.
19:59 of 1st period - Stopped by Charlie Lindgren without a rebound.
Goals for this period are 2 for Bruins vs 1 for Sabres.
Shots for this period are 11 for Bruins vs 17 for Sabres.

2nd period


0:01 of 2nd period - Kyle Turris wins face-off versus Leon Draisaitl in neutral zone.
0:34 of 2nd period - Leon Draisaitl is hit by Dan Girardi and loses puck.
1:10 of 2nd period - Shot by Bo Horvat.
1:10 of 2nd period - Shot Hit the Post.
1:34 of 2nd period - Shot by Patrice Bergeron.
1:34 of 2nd period - Shot Misses the Net.
1:50 of 2nd period - Shot by Patrice Bergeron.
1:50 of 2nd period - Stopped by Michael Hutchinson without a rebound.
1:51 of 2nd period - Carl Soderberg wins face-off versus Ryan Nugent-Hopkins in Sabres zone.
2:23 of 2nd period - Shot by Melker Karlsson.
2:23 of 2nd period - Shot Misses the Net.
2:25 of 2nd period - Shot by Carl Soderberg.
2:25 of 2nd period - Deflect By Kevin Fiala.
2:25 of 2nd period - Shot Blocked by Cody Franson.
2:45 of 2nd period - Shot by Tomas Plekanec.
2:45 of 2nd period - Shot Misses the Net.
2:56 of 2nd period - Anders Lee is hit by Jake Muzzin and loses puck.
3:05 of 2nd period - Shot by Anders Lee.
3:05 of 2nd period - Stopped by Charlie Lindgren with a rebound.
3:11 of 2nd period - Shot by Nino Niederreiter.
3:11 of 2nd period - Stopped by Charlie Lindgren without a rebound.
3:12 of 2nd period - Bo Horvat wins face-off versus Ryan Spooner in Bruins zone.
3:15 of 2nd period - Shot by Bo Horvat.
3:15 of 2nd period - Shot Misses the Net.
3:46 of 2nd period - Minor Penalty to Brandon Saad for Hooking.
3:47 of 2nd period - Patrice Bergeron wins face-off versus Kyle Turris in Sabres zone.
4:16 of 2nd period - Shot by Patrice Bergeron.
4:16 of 2nd period - Deflect By Corey Perry.
4:16 of 2nd period - Shot Misses the Net.
4:52 of 2nd period - Shot by Leon Draisaitl.
4:52 of 2nd period - Stopped by Michael Hutchinson without a rebound.
4:53 of 2nd period - Leon Draisaitl wins face-off versus Ryan Nugent-Hopkins in Sabres zone.
5:14 of 2nd period - Shot by Leon Draisaitl.
5:14 of 2nd period - Goal by Leon Draisaitl - Bruins : 3 - Sabres : 1.
5:15 of 2nd period - Melker Karlsson wins face-off versus Hunter Shinkaruk in neutral zone.
6:11 of 2nd period - Torey Krug is hit by Zach Hyman and loses puck.
6:18 of 2nd period - Jake Guentzel is hit by Adam Pelech and loses puck.
6:43 of 2nd period - Corey Perry is hit by Jason Zucker and loses puck.
6:57 of 2nd period - Andrew Ladd is hit by Adam Pelech and loses puck.
7:05 of 2nd period - Leon Draisaitl is hit by Rasmus Ristolainen and loses puck.
7:18 of 2nd period - Shot by Leon Draisaitl.
7:18 of 2nd period - Shot Misses the Net.
7:20 of 2nd period - Shot by Andrew Ladd.
7:20 of 2nd period - Stopped by Michael Hutchinson with a rebound.
7:37 of 2nd period - Brendan Gallagher is hit by Rasmus Ristolainen.
7:39 of 2nd period - Shot by Patrice Bergeron.
7:39 of 2nd period - Stopped by Michael Hutchinson without a rebound.
7:40 of 2nd period - Carl Soderberg wins face-off versus Bo Horvat in Sabres zone.
7:51 of 2nd period - Shot by Melker Karlsson.
7:51 of 2nd period - Stopped by Michael Hutchinson without a rebound.
7:52 of 2nd period - Patrice Bergeron wins face-off versus Kyle Turris in Sabres zone.
8:47 of 2nd period - Shot by Connor Brown.
8:47 of 2nd period - Stopped by Michael Hutchinson without a rebound.
8:48 of 2nd period - Bo Horvat wins face-off versus Leon Draisaitl in Sabres zone.
8:57 of 2nd period - Shot by Bo Horvat.
8:57 of 2nd period - Shot Misses the Net.
9:10 of 2nd period - Off-side.
9:11 of 2nd period - Kevin Fiala wins face-off versus Hunter Shinkaruk in neutral zone.
9:37 of 2nd period - Off-side.
9:38 of 2nd period - Bo Horvat wins face-off versus Corey Perry in neutral zone.
10:10 of 2nd period - Shot by Brandon Saad.
10:10 of 2nd period - Shot Misses the Net.
10:26 of 2nd period - Shot by Jason Zucker.
10:26 of 2nd period - Goal by Jason Zucker - Bruins : 3 - Sabres : 2.
10:27 of 2nd period - Patrice Bergeron wins face-off versus Zach Hyman in neutral zone.
10:30 of 2nd period - Shot by Brendan Gallagher.
10:30 of 2nd period - Stopped by Michael Hutchinson without a rebound.
10:31 of 2nd period - Kyle Turris wins face-off versus Patrice Bergeron in Sabres zone.
10:44 of 2nd period - Shot by Anders Lee.
10:44 of 2nd period - Shot Misses the Net.
10:46 of 2nd period - Shot by Rasmus Ristolainen.
10:46 of 2nd period - Stopped by Charlie Lindgren without a rebound.
10:47 of 2nd period - Tomas Plekanec wins face-off versus Ryan Nugent-Hopkins in Bruins zone.
10:47 of 2nd period - Tomas Plekanec is hit by Jason Zucker.
11:01 of 2nd period - Shot by Jason Zucker.
11:01 of 2nd period - Stopped by Charlie Lindgren without a rebound.
11:02 of 2nd period - Patrice Bergeron wins face-off versus Nino Niederreiter in Bruins zone.
11:17 of 2nd period - Shot by Patrice Bergeron.
11:17 of 2nd period - Stopped by Michael Hutchinson with a rebound.
11:19 of 2nd period - Shot by Brendan Gallagher.
11:19 of 2nd period - Goal by Brendan Gallagher - Bruins : 4 - Sabres : 2.
11:20 of 2nd period - Thomas Vanek wins face-off versus Leon Draisaitl in neutral zone.
11:30 of 2nd period - Jake Muzzin is hit by Bo Horvat and loses puck.
11:39 of 2nd period - Shot by Bo Horvat.
11:39 of 2nd period - Stopped by Charlie Lindgren without a rebound.
11:40 of 2nd period - Patrice Bergeron wins face-off versus Kyle Turris in Bruins zone.
11:49 of 2nd period - Shot by Brendan Gallagher.
11:49 of 2nd period - Shot Misses the Net.
14:31 of 2nd period - Shot by Kyle Turris.
14:31 of 2nd period - Shot Misses the Net.
14:33 of 2nd period - Shot by Brett Connolly.
14:33 of 2nd period - Shot Blocked by P.K. Subban.
14:35 of 2nd period - Shot by Adam Pelech.
14:35 of 2nd period - Stopped by Charlie Lindgren without a rebound.
14:36 of 2nd period - Patrice Bergeron wins face-off versus Kyle Turris in Bruins zone.
15:32 of 2nd period - Off-side.
15:33 of 2nd period - Leon Draisaitl wins face-off versus Zach Hyman in neutral zone.
15:59 of 2nd period - Jason Zucker is hit by P.K. Subban and loses puck.
16:23 of 2nd period - Cody Franson is hit by Mark Streit and loses puck.
16:29 of 2nd period - Mark Streit is hit by Cody Franson and loses puck.
16:36 of 2nd period - Shot by Kevin Fiala.
16:36 of 2nd period - Shot Misses the Net.
16:44 of 2nd period - Shot by Melker Karlsson.
16:44 of 2nd period - Shot Misses the Net.
17:18 of 2nd period - Shot by Tomas Plekanec.
17:18 of 2nd period - Stopped by Michael Hutchinson without a rebound.
17:19 of 2nd period - Patrice Bergeron wins face-off versus Kyle Turris in Sabres zone.
17:22 of 2nd period - Shot by Shea Weber.
17:22 of 2nd period - Stopped by Michael Hutchinson without a rebound.
17:22 of 2nd period - Minor Penalty to Michael Hutchinson for Slashing.
17:23 of 2nd period - Patrice Bergeron wins face-off versus Kyle Turris in Sabres zone.
17:34 of 2nd period - Shot by Andrew Ladd.
17:34 of 2nd period - Stopped by Michael Hutchinson without a rebound.
17:35 of 2nd period - Leon Draisaitl wins face-off versus Kyle Turris in Sabres zone.
17:52 of 2nd period - Shot by Shea Weber.
17:52 of 2nd period - Stopped by Michael Hutchinson without a rebound.
17:53 of 2nd period - Kyle Turris wins face-off versus Patrice Bergeron in Sabres zone.
18:06 of 2nd period - Shot by Patrice Bergeron.
18:06 of 2nd period - Shot Misses the Net.
18:08 of 2nd period - Shot by Patrice Bergeron.
18:08 of 2nd period - Stopped by Michael Hutchinson without a rebound.
18:09 of 2nd period - Kyle Turris wins face-off versus Ryan Spooner in Sabres zone.
18:35 of 2nd period - Icing by Shea Weber.
18:36 of 2nd period - Kyle Turris wins face-off versus Leon Draisaitl in Bruins zone.
18:53 of 2nd period - Shot by Kyle Turris.
18:53 of 2nd period - Shot Misses the Net.
19:30 of 2nd period - Off-side.
19:31 of 2nd period - Ryan Nugent-Hopkins wins face-off versus Kevin Fiala in neutral zone.
19:38 of 2nd period - Shot by Ryan Nugent-Hopkins.
19:38 of 2nd period - Stopped by Charlie Lindgren without a rebound.
19:39 of 2nd period - Tomas Plekanec wins face-off versus Kyle Turris in Bruins zone.
19:54 of 2nd period - Shot by Tomas Plekanec.
19:54 of 2nd period - Stopped by Michael Hutchinson with a rebound.
Goals for this period are 2 for Bruins vs 1 for Sabres.
Shots for this period are 16 for Bruins vs 8 for Sabres.

3rd period


0:01 of 3rd period - Kyle Turris wins face-off versus Leon Draisaitl in neutral zone.
0:03 of 3rd period - Off-side.
0:04 of 3rd period - Leon Draisaitl wins face-off versus Kyle Turris in neutral zone.
0:09 of 3rd period - Shot by Andrew Ladd.
0:09 of 3rd period - Shot Blocked by Rasmus Ristolainen.
0:21 of 3rd period - Icing by Rasmus Ristolainen.
0:22 of 3rd period - Patrice Bergeron wins face-off versus Kyle Turris in Sabres zone.
0:41 of 3rd period - Jake Muzzin is hit by Nino Niederreiter and loses puck.
0:55 of 3rd period - Shot by Brendan Gallagher.
0:55 of 3rd period - Shot Misses the Net.
0:57 of 3rd period - Shot by Jake Muzzin.
0:57 of 3rd period - Shot Misses the Net.
0:59 of 3rd period - Shot by Jake Muzzin.
0:59 of 3rd period - Shot Blocked by Dan Girardi.
1:06 of 3rd period - Off-side.
1:07 of 3rd period - Bo Horvat wins face-off versus Leon Draisaitl in neutral zone.
1:13 of 3rd period - Thomas Vanek is hit by P.K. Subban and loses puck.
1:49 of 3rd period - Corey Perry is hit by Tyler Myers and loses puck.
2:38 of 3rd period - Icing by Cody Franson.
2:39 of 3rd period - Patrice Bergeron wins face-off versus Ryan Nugent-Hopkins in Sabres zone.
2:39 of 3rd period - Patrice Bergeron is hit by Cody Franson.
2:47 of 3rd period - Shot by Brendan Gallagher.
2:47 of 3rd period - Shot Blocked by Jake McCabe.
2:49 of 3rd period - Shot by Brendan Gallagher.
2:49 of 3rd period - Stopped by Michael Hutchinson with a rebound.
2:51 of 3rd period - Shot by Ryan Spooner.
2:51 of 3rd period - Shot Misses the Net.
2:53 of 3rd period - Shot by Patrice Bergeron.
2:53 of 3rd period - Shot Misses the Net.
2:56 of 3rd period - Minor Penalty to Cody Franson for Hooking.
2:57 of 3rd period - Kyle Turris wins face-off versus Patrice Bergeron in Sabres zone.
3:18 of 3rd period - Icing by Shea Weber.
3:19 of 3rd period - Patrice Bergeron wins face-off versus Kyle Turris in Bruins zone.
3:21 of 3rd period - Icing by P.K. Subban.
3:22 of 3rd period - Kyle Turris wins face-off versus Patrice Bergeron in Bruins zone.
3:47 of 3rd period - Shot by Shea Weber.
3:47 of 3rd period - Shot Misses the Net.
3:49 of 3rd period - Shot by Shea Weber.
3:49 of 3rd period - Stopped by Michael Hutchinson without a rebound.
3:50 of 3rd period - Leon Draisaitl wins face-off versus Ryan Nugent-Hopkins in Sabres zone.
4:26 of 3rd period - Shot by Leon Draisaitl.
4:26 of 3rd period - Shot Misses the Net.
4:28 of 3rd period - Shot by Jake Muzzin.
4:28 of 3rd period - Shot Blocked by Dan Girardi.
4:54 of 3rd period - Shot by Corey Perry.
4:54 of 3rd period - Stopped by Michael Hutchinson with a rebound.
4:56 of 3rd period - Shot by Shea Weber.
4:56 of 3rd period - Shot Blocked by Cody Franson.
5:18 of 3rd period - Shot by Carl Soderberg.
5:18 of 3rd period - Stopped by Michael Hutchinson with a rebound.
6:22 of 3rd period - Shot by Nino Niederreiter.
6:22 of 3rd period - Stopped by Charlie Lindgren with a rebound.
6:24 of 3rd period - Shot by Tyler Myers.
6:24 of 3rd period - Shot Misses the Net.
7:18 of 3rd period - Shot by Corey Perry.
7:18 of 3rd period - Shot Misses the Net.
7:21 of 3rd period - Icing by Hunter Shinkaruk.
7:22 of 3rd period - Patrice Bergeron wins face-off versus Hunter Shinkaruk in Sabres zone.
7:26 of 3rd period - Patrice Bergeron is hit by Dan Girardi and loses puck.
7:27 of 3rd period - Minor Penalty to Dan Girardi for Cross-checking.
7:28 of 3rd period - Kyle Turris wins face-off versus Leon Draisaitl in Sabres zone.
8:31 of 3rd period - Shot by Corey Perry.
8:31 of 3rd period - Stopped by Michael Hutchinson with a rebound.
8:33 of 3rd period - Shot by Shea Weber.
8:33 of 3rd period - Shot Blocked by Ryan Nugent-Hopkins.
8:35 of 3rd period - Shot by P.K. Subban.
8:35 of 3rd period - Goal by P.K. Subban - Bruins : 5 - Sabres : 2.
8:36 of 3rd period - Hunter Shinkaruk wins face-off versus Carl Soderberg in neutral zone.
8:51 of 3rd period - Mathew Dumba is hit by Kevin Fiala and loses puck.
8:57 of 3rd period - Off-side.
8:58 of 3rd period - Tomas Plekanec wins face-off versus Bo Horvat in neutral zone.
9:33 of 3rd period - Shot by Jake Guentzel.
9:33 of 3rd period - Shot Blocked by Brandon Saad.
9:35 of 3rd period - Shot by Tomas Plekanec.
9:35 of 3rd period - Shot Misses the Net.
9:37 of 3rd period - Shot by Jake Guentzel.
9:37 of 3rd period - Shot Misses the Net.
10:28 of 3rd period - Shot by Zach Hyman.
10:28 of 3rd period - Stopped by Charlie Lindgren with a rebound.
11:00 of 3rd period - Shot by Anders Lee.
11:00 of 3rd period - Shot Misses the Net.
11:06 of 3rd period - Shot by Anders Lee.
11:06 of 3rd period - Shot Misses the Net.
11:08 of 3rd period - Shot by Jake McCabe.
11:08 of 3rd period - Shot Blocked by Carl Soderberg.
11:10 of 3rd period - Shot by Jake McCabe.
11:10 of 3rd period - Stopped by Charlie Lindgren without a rebound.
11:11 of 3rd period - Leon Draisaitl wins face-off versus Hunter Shinkaruk in Bruins zone.
11:17 of 3rd period - Corey Perry is hit by Rasmus Ristolainen and loses puck.
11:38 of 3rd period - Icing by Rasmus Ristolainen.
11:39 of 3rd period - Patrice Bergeron wins face-off versus Hunter Shinkaruk in Sabres zone.
11:44 of 3rd period - Shot by Patrice Bergeron.
11:44 of 3rd period - Stopped by Michael Hutchinson without a rebound.
11:45 of 3rd period - Patrice Bergeron wins face-off versus Bo Horvat in Sabres zone.
12:12 of 3rd period - Shot by Bo Horvat.
12:12 of 3rd period - Shot Misses the Net.
12:14 of 3rd period - Shot by Brandon Saad.
12:14 of 3rd period - Shot Misses the Net.
12:16 of 3rd period - Shot by Thomas Vanek.
12:16 of 3rd period - Stopped by Charlie Lindgren with a rebound.
12:29 of 3rd period - Icing by Jake Muzzin.
12:30 of 3rd period - Patrice Bergeron wins face-off versus Ryan Nugent-Hopkins in Bruins zone.
13:16 of 3rd period - Shot by Leon Draisaitl.
13:16 of 3rd period - Shot Misses the Net.
14:32 of 3rd period - Noah Hanifin is hit by Mathew Dumba and loses puck.
15:02 of 3rd period - Shot by Melker Karlsson.
15:02 of 3rd period - Shot Misses the Net.
15:15 of 3rd period - Minor Penalty to Jake Muzzin for Roughing.
15:16 of 3rd period - Patrice Bergeron wins face-off versus Bo Horvat in Bruins zone.
16:21 of 3rd period - Shot by Adam Pelech.
16:21 of 3rd period - Stopped by Charlie Lindgren without a rebound.
16:22 of 3rd period - Patrice Bergeron wins face-off versus Brandon Saad in Bruins zone.
16:39 of 3rd period - Shot by Brandon Saad.
16:39 of 3rd period - Stopped by Charlie Lindgren with a rebound.
16:41 of 3rd period - Shot by Adam Pelech.
16:41 of 3rd period - Stopped by Charlie Lindgren with a rebound.
16:51 of 3rd period - Shot by Bo Horvat.
16:51 of 3rd period - Shot Misses the Net.
17:39 of 3rd period - Shot by Jason Zucker.
17:39 of 3rd period - Stopped by Charlie Lindgren with a rebound.
17:41 of 3rd period - Shot by Jason Zucker.
17:41 of 3rd period - Shot Hit the Post.
17:47 of 3rd period - Shot by Cody Franson.
17:47 of 3rd period - Deflect By Jason Zucker.
17:47 of 3rd period - Shot Misses the Net.
17:58 of 3rd period - Off-side.
17:59 of 3rd period - Hunter Shinkaruk wins face-off versus Leon Draisaitl in neutral zone.
18:14 of 3rd period - Shot by Andrew Ladd.
18:14 of 3rd period - Stopped by Michael Hutchinson without a rebound.
18:15 of 3rd period - Kyle Turris wins face-off versus Melker Karlsson in Sabres zone.
18:44 of 3rd period - Shot by Kevin Fiala.
18:44 of 3rd period - Shot Misses the Net.
18:46 of 3rd period - Shot by Melker Karlsson.
18:46 of 3rd period - Stopped by Michael Hutchinson without a rebound.
18:47 of 3rd period - Bo Horvat wins face-off versus Leon Draisaitl in Sabres zone.
18:47 of 3rd period - Bo Horvat is hit by Leon Draisaitl.
18:57 of 3rd period - Bo Horvat is hit by Andrew Ladd and loses puck.
19:09 of 3rd period - Icing by Adam Pelech.
19:10 of 3rd period - Bo Horvat wins face-off versus Tomas Plekanec in Sabres zone.
19:10 of 3rd period - Brandon Saad is hit by Connor Brown and loses puck.
19:28 of 3rd period - Brandon Saad is hit by Shea Weber and loses puck.
19:59 of 3rd period - Brandon Saad is hit by Corey Perry and loses puck.
Goals for this period are 1 for Bruins vs 0 for Sabres.
Shots for this period are 9 for Bruins vs 8 for Sabres.